Map: Niezgoda IV

Players

warriordj - Winner!

  • Race: Protoss Protoss
  • Spawn Location: 9:00

Guan - Winner!

  • Race: Zerg Zerg
  • Spawn Location: 11:00

jarvon

  • Race: Protoss Protoss
  • League: Bronze
  • Spawn Location: 5:00

Gracz

  • Race: Terran Terran
  • Spawn Location: 5:00

VOD

Have the link to the VOD?

Description

Time

  • Played on: Feb. 9, 2016, 6:44 p.m.
  • Length: 10:11
Show
View Real Time Build Order
Export as new Build Order

warriordj Protoss - Winner!

Build Orders: 1 Gate Expand 

Get SALT Encoding   

  12  0:01  Probe (Chrono Boost)  
  13  0:12  Probe (Chrono Boost)  
  14  0:22  Pylon, Probe (Chrono Boost)  
  15  0:40  Probe (Chrono Boost), Gateway  
  16  0:48  Assimilator  
  16  0:50  Probe (Chrono Boost)  
  17  1:01  Probe (Chrono Boost)  
  18  1:11  Probe (Chrono Boost)  
  19  1:22  Assimilator, Probe (Chrono Boost)  
  21  1:32  Probe (Chrono Boost)  
  21  1:36  Nexus  
  21  1:45  Cybernetics Core  
  21  1:48  Probe (Chrono Boost)  
  22  1:55  Pylon  
  22  1:59  Probe (Chrono Boost)  
  23  2:09  Gateway  
  23  2:14  Probe (Chrono Boost)  
  24  2:24  Probe (Chrono Boost)  
  24  2:27  Adept (Chrono Boost), Warp Gate (Chrono Boost)  
  27  2:35  Mothership Core  
  29  2:39  Pylon  
  29  2:49  Probe  
  30  2:56  Probe  
  30  2:58  Forge  
  31  3:01  Probe  
  32  3:05  Stalker (Chrono Boost)  
  34  3:14  Stalker (Chrono Boost)  
  34  3:15  Probe (Chrono Boost)  
  34  3:17  Probe (Chrono Boost)  
  38  3:27  Probe (Chrono Boost)  
  38  3:31  Photon Cannon  
  38  3:32  Probe (Chrono Boost)  
  40  3:35  Assimilator  
  40  3:39  Stalker  
  42  3:42  Probe (Chrono Boost)  
  42  3:47  Zealot  
  45  4:03  Probe x2 (Chrono Boost)  
  47  4:13  Probe x2 (Chrono Boost), Gateway  
  47  4:15  Pylon  
  49  4:17  Pylon  
  49  4:28  Probe  
  49  4:29  Robotics Facility, Probe  
  51  4:32  Stalker  
  51  4:35  Stalker  
  55  4:38  Probe  
  55  4:40  Pylon  
  56  4:45  Assimilator  
  56  4:54  Twilight Council  
  56  4:56  Pylon  
  56  5:04  Stargate  
  56  5:09  Stalker  
  56  5:10  Stalker  
  56  5:12  Protoss Ground Armor Level 1 (Chrono Boost)  
  60  5:20  Zealot  
  62  5:23  Probe (Chrono Boost)  
  62  5:24  Probe (Chrono Boost)  
  64  5:34  Probe (Chrono Boost)  
  57  6:00  Warp Prism (Chrono Boost)  
  57  6:01  Oracle (Chrono Boost)  
  59  6:10  Robotics Facility  
  62  6:12  Charge (Chrono Boost), Robotics Bay  
  62  6:17  Gateway  
  58  6:19  Gateway  
  58  6:22  Gateway  
  58  6:24  Pylon  
  50  6:36  Probe x2  
  52  6:48  Probe  
  53  6:59  Colossus  
  59  7:04  Colossus  
  59  7:05  Nexus  
  65  7:12  Pylon  
  65  7:13  Pylon  
  65  7:28  Protoss Ground Armor Level 2 (Chrono Boost)  
  65  7:45  Stalker  
  65  7:46  Stalker x2  
  71  8:01  Colossus  
  76  8:19  Pylon  
  75  8:23  Stalker  
  76  8:39  Colossus  
  76  8:41  Stalker  
  84  8:42  Zealot  
  84  8:44  Zealot  
  88  8:51  Zealot  
  88  8:52  Zealot  
  88  8:53  Zealot  
  94  9:11  Stalker x2  
  94  9:12  Stalker x2  
  102  9:19  Probe  
  102  9:21  Probe x2  
  102  9:23  Photon Cannon  
  105  9:26  Assimilator  
  105  9:28  Zealot  
  107  9:32  Stalker  
  107  9:33  Probe  
  101  9:59  Stalker x3  
  105  10:00  Stalker  
  105  10:01  Stalker  
Show
View Real Time Build Order
Export as new Build Order

Guan Zerg - Winner!

Build Orders: Hatch First 

Get SALT Encoding   

  12  0:03  Drone  
  13  0:09  Drone  
  14  0:19  Overlord  
  14  0:47  Drone  
  15  0:50  Hatchery  
  14  1:01  Drone x2  
  14  1:02  Drone  
  17  1:15  Spawning Pool  
  17  1:16  Drone  
  17  1:25  Drone  
  18  1:38  Drone  
  19  1:40  Extractor  
  19  1:44  Extractor  
  17  1:48  Overlord  
  17  1:59  Drone  
  18  2:01  Queen  
  18  2:03  Queen  
  18  2:04  Drone  
  23  2:17  Zergling x2  
  24  2:26  Drone  
  24  2:28  Zergling x4  
  27  2:39  Drone  
  28  2:46  Drone  
  29  2:55  Spine Crawler  
  29  2:56  Drone  
  29  2:59  Spine Crawler  
  29  3:04  Metabolic Boost  
  28  3:07  Lair  
  28  3:09  Drone x2  
  28  3:10  Drone  
  31  3:24  Drone x4  
  35  3:30  Overlord  
  35  3:48  Extractor  
  34  3:51  Extractor  
  33  3:57  Drone x4  
  33  3:58  Drone  
  38  4:09  Drone  
  39  4:10  Drone x5  
  44  4:20  Overlord  
  44  4:37  Queen  
  46  4:38  Hatchery  
  45  4:55  Infestation Pit  
  44  5:05  Hydralisk Den  
  43  5:14  Baneling Nest  
  43  5:19  Drone  
  43  5:20  Drone x5  
  48  5:22  Roach Warren  
  48  5:28  Pneumatized Carapace  
  47  5:52  Zergling x2  
  47  5:54  Zergling x4  
  47  5:55  Zergling x8  
  54  5:57  Zergling x6  
  57  6:16  Overlord x4  
  57  6:32  Spore Crawler  
  56  6:33  Spore Crawler  
  56  6:38  Spore Crawler  
  54  6:53  Baneling x7  
  54  6:54  Baneling x5  
  54  7:00  Zergling x2  
  54  7:01  Zergling x4  
  57  7:09  Baneling x4  
  57  7:10  Baneling  
  50  7:32  Hydralisk x5  
  50  7:34  Hydralisk x4  
  68  7:40  Baneling  
  68  7:41  Baneling x5  
  68  7:51  Hydralisk  
  70  8:07  Muscular Augments  
  70  8:20  Hatchery  
  70  8:23  Zergling x12  
  70  8:24  Zergling x6  
  70  8:25  Zergling x4  
  80  8:31  Zergling x8  
  84  8:37  Hive  
  84  8:39  Evolution Chamber  
  79  9:20  Baneling x5  
  79  9:21  Baneling x6  
  77  9:28  Overlord x2  
  77  9:29  Overlord  
  77  9:30  Zergling x10  
  77  9:31  Zergling x6  
  85  9:35  Drone  
  88  9:39  Drone  
Show
View Real Time Build Order
Export as new Build Order

jarvon Protoss 

Build Orders:  

Get SALT Encoding   

  12  0:05  Probe (Chrono Boost)  
  13  0:23  Pylon  
  13  0:27  Probe (Chrono Boost)  
  14  0:42  Gateway  
  14  0:49  Forge  
  14  1:02  Pylon  
  14  1:12  Assimilator  
  14  1:16  Pylon  
  14  1:38  Cybernetics Core  
  14  1:52  Photon Cannon  
  14  2:06  Assimilator  
  14  2:13  Pylon  
  14  2:23  Probe (Chrono Boost)  
  15  2:34  Probe (Chrono Boost)  
  15  3:00  Probe (Chrono Boost)  
  16  3:08  Stalker (Chrono Boost)  
  16  3:10  Probe (Chrono Boost)  
  19  3:14  Pylon  
  19  3:21  Probe (Chrono Boost)  
  20  3:38  Stalker (Chrono Boost)  
  22  4:07  Stargate  
  22  4:52  Oracle (Chrono Boost)  
  25  5:02  Stargate  
  25  5:04  Nexus  
  25  5:11  Assimilator  
  25  5:16  Assimilator  
  25  5:25  Mothership Core  
  25  5:53  Void Ray (Chrono Boost)  
  26  6:42  Oracle (Chrono Boost)  
  29  6:47  Probe  
  30  6:58  Probe  
  31  7:04  Stargate  
  28  7:44  Stalker  
  30  8:14  Stalker  
  29  8:42  Void Ray (Chrono Boost)  
  29  8:44  Stalker  
  29  8:48  Void Ray (Chrono Boost)  
  37  9:14  Stalker  
  39  9:34  Void Ray (Chrono Boost)  
Show
View Real Time Build Order
Export as new Build Order

Gracz Terran 

Build Orders:  

Get SALT Encoding   

  12  0:05  SCV  
  13  0:17  SCV  
  13  0:18  Refinery  
  14  0:29  SCV  
  15  0:46  Supply Depot  
  15  1:07  SCV  
  16  1:17  Barracks  
  16  1:22  Supply Depot  
  16  1:30  Supply Depot  
  16  1:49  Barracks  
  16  1:50  Refinery, SCV  
  17  1:54  Supply Depot  
  17  2:01  Supply Depot  
  17  2:02  SCV  
  18  2:14  SCV  
  19  2:23  Supply Depot  
  19  2:26  SCV  
  20  2:39  Orbital Command  
  20  2:42  Barracks Reactor  
  20  2:49  Barracks Reactor  
  20  3:31  Factory  
  20  3:37  Factory  
  20  3:39  Barracks  
  21  3:41  Reaper x4  
  24  4:13  Marine x3, Reaper  
  28  4:24  Factory Tech Lab  
  28  4:56  Starport  
  28  4:57  Barracks Reactor  
  28  4:59  Marine x4  
  32  5:14  Armory  
  32  5:18  Factory Tech Lab  
  29  6:03  Starport Reactor  
  29  6:09  Starport  
  29  6:12  Reaper  
  29  6:13  Reaper x3  
  29  6:14  Reaper x2  
  35  6:44  Marine x2  
  35  6:45  Marine x3  
  35  6:46  Marine  
  41  6:49  Viking x2  
  41  6:53  Starport Tech Lab  
  45  7:02  Marine  
  28  7:34  Reaper  
  28  7:35  Reaper x5  
  34  7:44  Viking  
  36  8:06  Thor  
  36  8:07  Reaper  
  43  8:20  Medivac  
  45  8:29  Marine x4  
  45  8:30  Marine  
  50  8:38  Marine  
  51  8:47  Marine x3  
  52  9:36  Supply Depot  
Tags
 
Add a new tag
Caveats
  • Supply blocks, unpowered buildings, or Contaminate may cause inaccurate times.
  • Supply counts are checked every 10 seconds.